3v3

Match 19120132
End
Panzergrenadier Squad
250 Light Carrier
Selects Italian Infantry
Selects Italian Infantry
Panzergrenadier Squad
Construct Light Support Kompanie
MG34 Team
Selects Guastatori Squad
Guastatori Squad
2.5-tonne Medical Truck
Fire Support Elements
Pak 38 Mechanized Group
Selects Registered Artillery
Flakvierling Half-track
Selects Defensive Operations
Guastatori Squad
Registered Artillery
Registered Artillery
Guastatori Squad
Flakvierling Half-track
Construct Mechanized Kompanie
Registered Artillery
Guastatori Squad
Selects Prepared Positions
Pak 38 Mechanized Group
Registered Artillery
Marder III Tank Destroyer
Selects Obice 305mm Barrage
254 Reconnaissance Tractor
Registered Artillery
Guastatori Squad
Registered Artillery
Flakvierling Half-track
Flakvierling Half-track
Pak 38 Mechanized Group
Guastatori Squad
Hunter dak 3.pi
FallschirmMotherJäger
†Wehrmacht_502nd†Tigergruppe
The 2D Waifu Trafficker
Drink||Chouchen
Lero
0
0

Comments sign in to comment!

No comments posted yet!